 Dungeon Crawl Stone Soup version 0.30-a0-883-g5ad918d77d (webtiles) character file.

Game seed: 9713462246158202971

4562 Lavandula the Zephyrmancer (level 10, -14/73 HPs)
             Began as a Human Air Elementalist on Mar 15, 2023.
             Was a Believer of Vehumet.
             Demolished by a hornet (16 damage)
             ... while paralysed by a hornet
             ... on level 9 of the Dungeon.
             The game lasted 00:22:36 (12738 turns).

Lavandula the Zephyrmancer (HuAE)                  Turns: 12738, Time: 00:22:37

Health: -14/73     AC:  3    Str:  6      XL:     10   Next: 67%
Magic:  9/20       EV:  2    Int: 19 (20) God:    Vehumet [**....]
Gold:   464        SH:  0    Dex: 14      Spells: 13/23 levels left

rFire   . . .      SeeInvis .    u - +0 dagger (drain)
rCold   + . .      Faith    .    d - +2 buckler
rNeg    . . .      Spirit   .    a - +0 robe
rPois   .          Reflect  .    (no helmet)
rElec   .          Rampage  .    n - +0 cloak
rCorr   .                        (no gloves)
Will    .....                    (no boots)
Stlth   ++                       (no amulet)
HPRegen 0.32/turn                (no ring)
MPRegen 0.17/turn                (no ring)

@: paralysed, lethally poisoned (-14 -> -21), slowed
A: cold resistance 1, deterioration 1, weak 1
a: Renounce Religion


You were on level 9 of the Dungeon.
You worshipped Vehumet.
Vehumet was pleased with you.
You visited 2 branches of the dungeon, and saw 10 of its levels.
You also visited: Bailey.

You collected 464 gold pieces.

Inventory:

Hand Weapons
 u - a +0 dagger of draining (weapon)
 D - a +2 short sword of flaming
Missiles
 q - a throwing net
Armour
 a - a +0 robe (worn)
 d - a +2 buckler (worn)
 n - a +0 cloak (worn)
Wands
 f - a wand of flame (25)
 C - a wand of polymorph (7)
Scrolls
 l - 4 scrolls of teleportation
 m - 3 scrolls of butterflies
 o - 4 scrolls of blinking {unknown}
 r - a scroll of poison {unknown}
 s - 2 scrolls of vulnerability {unknown}
 t - 3 scrolls of noise {unknown}
 w - 2 scrolls of enchant weapon {unknown}
 y - a scroll of fog {unknown}
Potions
 b - 7 potions of heal wounds {unknown}
 c - 3 potions of berserk rage
 e - 2 potions of flight {unknown}
 g - 5 potions of mutation
 h - 6 potions of lignification {unknown}
 i - 3 potions of attraction {unknown}
 j - 3 potions of might {unknown}
 k - 2 potions of degeneration {unknown}
 p - 2 potions of invisibility {unknown}
 v - 2 potions of curing {unknown}
 x - 2 potions of cancellation {unknown}
 z - 2 potions of haste
 A - 2 potions of magic
 B - a potion of brilliance {unknown}


   Skills:
 - Level 4.5 Fighting
 - Level 5.8 Short Blades
 - Level 2.0 Dodging
 - Level 2.0 Stealth
 - Level 7.3 Spellcasting
 - Level 1.0 Conjurations
 - Level 8.9 Air Magic
 + Level 5.8 Evocations


You had 13 spell levels left.
You knew the following spells:

 Your Spells              Type           Power      Damage    Failure   Level
a - Shock                 Conj/Air       100%       1d9       1%          1
b - Static Discharge      Conj/Air       50%        2-5/arc   2%          2
c - Airstrike             Air            20%        2d(3-19)  3%          4
d - Swiftness             Air            41%        N/A       1%          3

Your spell library contained the following spells:

 Spells                   Type           Power      Damage    Failure   Level
 Foxfire                  Conj/Fire      32%        2x1d5     11%         1
 Beastly Appendage        Tmut           12%        N/A       14%         1
 Necrotise                Necr           24%        1d5       14%         1
 Sandblast                Erth           12%        2d6       14%         1
 Ensorcelled Hibernation  Hex/Ice        12%        N/A       21%         2
 Passwall                 Tmut/Erth      5%         N/A       21%         2
 Wereblood                Tmut           6%         N/A       21%         2
 Stone Arrow              Conj/Erth      16%        3d8       32%         3
 Inner Flame              Hex/Fire       6%         N/A       38%         3
 Spider Form              Tmut/Pois      6%         N/A       38%         3
 Vampiric Draining        Necr           6%         2d6       38%         3
 Anguish                  Hex/Necr       3%         N/A       80%         4
 Cause Fear               Hex            3%         N/A       80%         4
 Agony                    Necr           6%         N/A       98%         5
 Discord                  Hex            3%         N/A       100%        8


Dungeon Overview and Level Annotations

Branches:
Dungeon (9/15)             Temple (1/1) D:6          Bailey (visited)
   Lair: D:8-11         Orc: D:9-12

Altars:
Ashenzari
Cheibriados
Dithmenos
Elyvilon
Fedhas
Gozag
Hepliaklqana
Kikubaaqudgha
Makhleb
Okawaru
Qazlal
Ru
Sif Muna
Trog
Uskayaw
Vehumet
Wu Jian
Xom
Yredelemnul
Zin
The Shining One

Shops:
D:5 =

Annotations:
D:4 1 runed translucent door, 112233's ghost, amateur NaVM


Innate Abilities, Weirdness & Mutations

Your flesh is cold resistant. (rC+)
Your body sometimes deteriorates upon taking damage.
You are weak. (Str -2)


Message History

You feel yourself slow down.
Unknown command.
Casting: Shock (safe; 1% risk of failure)
Confirm with . or Enter, or press ? or * to list all spells.
The hornet is struck by an arc of lightning.
The hornet is severely wounded.
You are struck by an arc of lightning.
The hornet is struck by an arc of lightning.
The hornet is severely wounded.
You are struck by an arc of lightning.
The lightning grounds out.
You feel yourself speed up.
You feel very sick. You block the hornet's attack. The hornet misses you.
Unknown command.
Unknown command.
Casting: Static Discharge (safe; 2% risk of failure)
Confirm with . or Enter, or press ? or * to list all spells.
The hornet is struck by an arc of lightning.
The hornet is almost dead.
You are struck by an arc of lightning.
The lightning grounds out.
You feel sick. The hornet stings you.
You feel yourself slow down. The hornet completely misses you.
Unknown command.
Casting: Static Discharge (safe; 2% risk of failure)
Confirm with . or Enter, or press ? or * to list all spells.
The hornet is struck by an arc of lightning.
The hornet is almost dead.
You are struck by an arc of lightning.
The lightning grounds out.
You feel sick. The hornet misses you. The hornet stings you!
You are more poisoned.
You suddenly lose the ability to move!
You feel very sick. The hornet stings you!
* * * LOW HITPOINT WARNING * * *
Your body deteriorates!
You feel dopey.
You feel as though you will be slow longer.
You feel sick. The hornet stings you!
* * * LOW HITPOINT WARNING * * *
You shrug off the repeated paralysis!
The hornet stings you!
You die...

#.# #.# #.# #.# ####
#.# ..# #.# #.# #.#
#.### #####y####### #.
#...###...@........ #.
####....##......######
#.##.##.............#
#.......#..##......##
##......#..##.....##
##.#.#[#..######.#
#........# #.#
#.<......# #+#
#####.####


You could see a hornet.

Vanquished Creatures
  A two-headed ogre (D:8)
  An orc knight (Bailey)
  A hornet (D:8)
  3 water moccasins
  An orc warrior (D:8)
  3 ogres
  2 kobold brigands
  3 bullfrogs
  2 scorpions
  A gnoll sergeant (D:6)
  10 wights (D:8)
  2 howler monkeys (D:5)
  An electric eel (D:6)
  8 orc priests
  4 jellies
  Crazy Yiuf (D:6)
  2 hounds (D:4)
  3 gnoll boudas
  2 sleepcaps (D:6)
  4 iguanas
  12 orc wizards
  28 gnolls
  6 adders
  2 shadow imps
  A white imp (D:5)
  4 worms
  A dart slug (D:1)
  50 orcs
  11 endoplasms
  5 giant cockroaches
  6 goblins
  12 hobgoblins
  6 jackals
  3 quokkas
  9 ball pythons
  7 bats
  4 frilled lizards
  10 kobolds
  4 rats (D:1)
236 creatures vanquished.

Vanquished Creatures (others)
  2 fungi (D:6)
2 creatures vanquished.

Grand Total: 238 creatures vanquished

Notes
Turn   | Place    | Note
-------+----------+-------------------------------------------
     0 | D:1      | Lavandula the Human Air Elementalist began the quest for
                  | the Orb.
     0 | D:1      | Reached XP level 1. HP: 13/13 MP: 3/3
   237 | D:1      | Reached XP level 2. HP: 19/19 MP: 0/5
   632 | D:1      | Reached skill level 4 in Air Magic
   632 | D:1      | Reached XP level 3. HP: 24/24 MP: 1/6
   698 | D:1      | Learned a level 2 spell: Static Discharge
  1551 | D:2      | Reached XP level 4. HP: 30/30 MP: 1/7
  1849 | D:2      | Reached skill level 5 in Air Magic
  2751 | D:3      | Reached XP level 5. HP: 35/35 MP: 4/8
  2900 | D:3      | Found an iron altar of Okawaru.
  3069 | D:3      | Reached skill level 6 in Air Magic
  3773 | D:4      | Noticed an ogre
  3872 | D:3      | Learned a level 4 spell: Airstrike
  3879 | D:4      | Reached XP level 6. HP: 33/41 MP: 1/9
  4093 | D:4      | Noticed 112233's ghost (amateur NaVM)
  4320 | D:4      | Reached skill level 7 in Air Magic
  4409 | D:4      | Reached XP level 7. HP: 24/46 MP: 1/10
  4686 | D:4      | Reached skill level 8 in Air Magic
  4691 | D:4      | Learned a level 3 spell: Swiftness
  4774 | D:4      | Found a runed translucent door.
  5385 | D:5      | Entered Level 5 of the Dungeon
  5510 | D:5      | Reached XP level 8. HP: 52/52 MP: 6/11
  6081 | D:5      | Found a white marble altar of Elyvilon.
  6619 | D:5      | Reached skill level 5 in Spellcasting
  7212 | D:5      | Reached XP level 9. HP: 57/57 MP: 11/17
  7467 | D:5      | Found an ancient bone altar of Kikubaaqudgha.
  7489 | D:5      | Found Iprotse's Jewellery Shop.
  7629 | D:6      | Found a staircase to the Ecumenical Temple.
  7657 | Temple   | Entered the Ecumenical Temple
  7868 | Temple   | Became a worshipper of Vehumet
  8340 | D:6      | Reached skill level 1 in Fighting
  8421 | D:6      | Found an opulent altar of Gozag.
  9143 | D:6      | Found a runed translucent door.
  9144 | D:6      | Noticed Crazy Yiuf
  9181 | D:6      | Killed Crazy Yiuf
  9572 | D:7      | Reached * piety under Vehumet
  9572 | D:7      | Offered knowledge of Sandblast by Vehumet.
 10112 | D:7      | Reached skill level 1 in Short Blades
 10188 | D:7      | Found a shadowy altar of Dithmenos.
 10192 | D:7      | Found a burning altar of Makhleb.
 10195 | D:7      | Found a hazy altar of Hepliaklqana.
 10266 | D:8      | Found a flagged portal.
 10275 | Bailey   | Entered a bailey
 10678 | Bailey   | Noticed an orc knight
 10682 | Bailey   | Killed an orc knight
 10683 | Bailey   | Reached XP level 10. HP: 73/73 MP: 9/20
 10685 | Bailey   | Offered knowledge of Foxfire by Vehumet.
 10697 | Bailey   | Reached ** piety under Vehumet
 10894 | D:8      | Gained mutation: Your flesh is cold resistant. (rC+)
                  | [potion of mutation]
 10894 | D:8      | Gained mutation: Your body sometimes deteriorates upon
                  | taking damage. [potion of mutation]
 10894 | D:8      | Gained mutation: You are weak. (Str -2) [potion of
                  | mutation]
 10943 | D:8      | Reached skill level 5 in Short Blades
 11307 | D:8      | Reached skill level 1 in Evocations
 11725 | D:8      | Noticed a two-headed ogre
 11842 | D:8      | Killed a two-headed ogre
 11843 | D:8      | Reached skill level 5 in Evocations
 12736 | D:9      | Paralysed by a hornet for 3 turns
 12738 | D:9      | HP: 2/73 [hornet (11)]
 12738 | D:9      | Demolished by a hornet

Illustrated notes

Levels and vault maps discovered:
D:1:      dpeg_arrival_oval, layout_loops_ring, kennysheep_another_room
D:2:      cheibrodos_greedy_goblins, layout_basic
D:3:      layout_loops_cross, mainiacjoe_overflow_paths
D:4:      layout_loops_ring, hellmonk_ghost_happy_afterlife
D:5:      layout_cave_pools, lemuel_zombie_altar_kikubaaqudgha,
          mainiacjoe_overflow_tiny_flanked, serial_shops, kennysheep_little_box
D:6:      layout_gridville, grunt_gozag_breadcrumbs,
          minmay_temple_entry_large_hall, water_boxes_lemuel,
          uniq_crazy_yiuf_cottage
D:7:      layout_basic, minmay_overflow_temple_star_quad, hangedman_glass_teeth
D:8:      layout_basic, enter_bailey_2
D:9:      layout_loops_corners, mainiacjoe_overflow_six_doors_small,
          minmay_orc_entry_temple_small
Temple:   eino_narrow_crystal_temple

Skill      XL: |  1  2  3  4  5  6  7  8  9 10 |
---------------+-------------------------------+-----
Air Magic      | 4 5 6 7 8 |  8.9
Spellcasting   | 5 7 |  7.3
Fighting       | 4 |  4.5
Short Blades   | 4 5 |  5.8
Evocations     | 5 |  5.8
Dodging        | |  2.0
Stealth        | |  2.0
Conjurations   | |  1.0

Action                     |  1- 3 |  4- 6 |  7- 9 | 10-12 || total
---------------------------+-------+-------+-------+-------++-------
  Melee: Short sword       |     3 |       |       |       ||     3
         Dagger            |       |    19 |    28 |       ||    47
   Cast: Shock             |    71 |   134 |   183 |    75 ||   463
         Static Discharge  |       |     8 |    20 |     8 ||    36
         Airstrike         |       |       |    53 |    16 ||    69
  Evoke: Wand              |       |       |       |     1 ||     1
    Use: Potion            |       |     1 |       |     1 ||     2
         Scroll            |       |     3 |     3 |       ||     6
   Stab: Sleeping          |       |     1 |       |       ||     1
 Armour: Robe              |     5 |     8 |     7 |       ||    20
  Dodge: Dodged            |    17 |    47 |    25 |     6 ||    95
  Block: Buckler           |       |     8 |    18 |     6 ||    32

Table legend: (Time is in decaauts)
 A = Elapsed time spent in this place.
 B = Non-inter-level travel time spent in this place.
 C = Inter-level travel time spent in this place.
 D = Time resting spent in this place.
 E = Time spent auto-exploring this place.
 F = Levels seen in this place.
 G = Mean time per level.
                   A        B        C        D        E       F      G
               +--------+--------+--------+--------+--------+-----+--------+
         Total |  12755 |  12204 |    551 |   3584 |   6992 |  11 | 1159.5 |
       Dungeon |  11920 |  11390 |    530 |   3253 |   6682 |   9 | 1324.4 |
        Temple |    217 |    196 |     21 |      0 |    189 |   1 |  217.0 |
        Bailey |    617 |    617 |      0 |    331 |    121 |   1 |  617.0 |
               +--------+--------+--------+--------+--------+-----+--------+

Top non-repeatable levels by time:
     D:4: 2255 daAuts
     D:8: 1814 daAuts
     D:5: 1455 daAuts
     D:6: 1395 daAuts
     D:2: 1343 daAuts
     D:3: 1284 daAuts
     D:1: 1275 daAuts
     D:7: 1056 daAuts
  Bailey: 617 daAuts
  Temple: 217 daAuts
     D:9: 40 daAuts
